Map: [ESL] Waterfall

Players

Future

  • Race: Terran Terran
  • Spawn Location: 1:00

Scarlett - Winner!

  • Race: Zerg Zerg
  • Spawn Location: 7:00

Event: DreamHack SC2 Masters 2022 Atlanta (Online)

VOD

Have the link to the VOD?

Description

Time

  • Played on: Oct. 7, 2022, 5:21 p.m.
  • Length: 12:55

All games in this series

Show
View Real Time Build Order
Export as new Build Order

Future Terran 

Build Orders:  

Get SALT Encoding   

  12  0:00  SCV  
  13  0:12  SCV  
  14  0:17  Supply Depot  
  14  0:24  SCV  
  15  0:38  SCV  
  15  0:40  Barracks  
  16  0:44  Refinery  
  16  0:50  SCV  
  17  1:02  SCV  
  18  1:15  SCV  
  19  1:27  Barracks Reactor, Orbital Command  
  19  1:43  Command Center  
  19  1:53  SCV  
  20  1:57  Supply Depot  
  20  2:03  Marine x2  
  20  2:05  SCV  
  23  2:13  Bunker  
  23  2:18  SCV  
  23  2:22  Marine x2  
  26  2:29  Factory  
  26  2:31  SCV  
  27  2:42  Marine  
  27  2:43  SCV, Marine  
  30  2:55  SCV, Orbital Command  
  31  3:01  Barracks, Marine  
  31  3:03  Marine  
  33  3:07  SCV  
  34  3:14  Factory Tech Lab  
  34  3:19  SCV  
  36  3:22  SCV  
  38  3:28  Supply Depot  
  38  3:31  SCV  
  38  3:34  SCV  
  38  3:41  Command Center  
  38  3:43  SCV  
  38  3:46  SCV  
  40  3:51  Starport  
  40  3:53  Supply Depot  
  40  3:55  SCV, Stimpack  
  40  3:57  Marine x2  
  40  3:58  SCV  
  40  3:59  Marine  
  40  4:02  Factory Reactor  
  45  4:08  SCV  
  46  4:10  SCV  
  46  4:15  Supply Depot, Marine x2  
  49  4:17  Marine  
  49  4:20  SCV  
  49  4:21  Refinery  
  49  4:22  SCV  
  49  4:23  Refinery  
  52  4:28  Supply Depot  
  52  4:32  SCV  
  52  4:33  Barracks  
  52  4:34  SCV  
  54  4:42  Marine x3  
  54  4:44  SCV  
  58  4:46  SCV  
  58  4:50  Supply Depot  
  59  4:53  Medivac x2  
  59  4:57  SCV, Orbital Command  
  59  4:58  SCV  
  65  5:01  Marine  
  65  5:02  Marine  
  65  5:05  Marine  
  65  5:07  Factory Tech Lab  
  68  5:09  SCV  
  68  5:10  Refinery, SCV  
  70  5:21  SCV  
  70  5:23  Barracks, SCV  
  70  5:24  Barracks  
  70  5:25  Orbital Command  
  70  5:28  Marine  
  72  5:31  Siege Tank, Marine x2  
  72  5:34  SCV  
  72  5:35  SCV  
  80  5:37  Starport Reactor  
  80  5:38  Marine x2  
  82  5:43  Engineering Bay  
  82  5:46  SCV  
  82  5:47  Supply Depot, SCV  
  82  5:49  Combat Shield, Marine  
  85  5:52  SCV  
  86  5:58  Supply Depot, SCV  
  86  5:59  Supply Depot, SCV  
  86  6:00  Marine x3  
  91  6:04  SCV  
  91  6:05  Siege Tank  
  91  6:09  Marine  
  96  6:14  Terran Infantry Weapons Level 1  
  96  6:15  SCV x2  
  96  6:16  Barracks Reactor  
  96  6:18  Barracks Reactor  
  98  6:20  SCV  
  98  6:26  Medivac x2  
  98  6:27  SCV, Marine  
  98  6:28  Supply Depot  
  98  6:29  Supply Depot  
  98  6:30  Marine x2  
  98  6:31  Marine  
  107  6:37  Marine  
  107  6:38  Siege Tank  
  111  6:45  Marine  
  111  6:47  Barracks x2  
  111  6:48  Marine  
  111  6:52  Marine  
  101  6:55  Marine x6  
  103  7:03  Marine  
  103  7:06  Marine  
  95  7:10  Siege Tank, Marine  
  95  7:12  Marine  
  95  7:13  Marine x2  
  95  7:14  Marine x2  
  95  7:15  Medivac x2  
  106  7:19  SCV x3  
  106  7:21  Marine x2  
  107  7:23  Marine  
  107  7:28  Marine  
  109  7:30  Marine x2  
  109  7:31  SCV x2, Marine  
  109  7:32  Bunker  
  109  7:34  Marine  
  109  7:35  Marine  
  116  7:38  Marine  
  116  7:39  Marine  
  116  7:41  SCV  
  116  7:42  Siege Tank  
  116  7:43  SCV x2  
  124  7:44  Marine  
  124  7:46  Marine  
  124  7:48  Marine x2  
  124  7:50  Supply Depot, Marine  
  129  7:52  Marine  
  129  7:56  Marine  
  131  8:01  Marine  
  131  8:04  Marine  
  131  8:05  Marine x2  
  134  8:07  Supply Depot  
  134  8:10  Supply Depot  
  134  8:11  Marine  
  136  8:13  Marine  
  136  8:14  Siege Tank, Marine  
  136  8:18  Marine  
  140  8:21  Marine  
  140  8:22  Marine  
  140  8:23  Marine  
  140  8:25  Marine x2  
  142  8:29  Marine  
  142  8:31  Marine x2  
  143  8:35  Supply Depot  
  143  8:36  Marine  
  143  8:39  Marine  
  143  8:40  Marine  
  143  8:41  Supply Depot, Marine  
  147  8:43  Marine x2  
  147  8:47  Marine  
  147  8:48  Siege Tank  
  153  8:49  Marine x2  
  153  8:53  Marine  
  148  8:57  Marine  
  148  8:58  Marine x2  
  148  9:02  Marine x2  
  126  9:05  Marine  
  126  9:07  Marine  
  119  9:10  Marine  
  119  9:11  Marine  
  118  9:30  Marine  
  118  9:31  Marine x4  
  87  9:35  Marine  
  87  9:37  Marine  
  81  9:40  SCV x2  
  81  9:41  SCV  
  84  9:47  Siege Tank, Marine x2  
  84  9:48  Marine x2  
  84  9:49  Marine  
  84  9:52  SCV  
  93  9:53  Bunker  
  93  9:55  SCV x2  
  93  9:56  Marine  
  93  9:57  Marine x3  
  99  10:04  SCV  
  99  10:06  Marine  
  99  10:07  SCV, Marine x4  
  101  10:08  SCV  
  107  10:14  Marine x2  
  107  10:16  Marine x2  
  107  10:19  Siege Tank  
  114  10:24  Marine x2  
  114  10:27  Marine x3  
  119  10:32  Marine x2  
  119  10:34  Marine x2  
  123  10:36  Liberator x2  
  123  10:42  Marine x2  
  130  10:45  Marine x3  
  134  10:50  Marine x2  
  134  10:53  Marine  
  134  10:54  Marine  
  134  10:55  Siege Tank  
  141  11:00  Marine x2  
  141  11:03  Marine x3  
  146  11:08  Marine x2  
  146  11:11  Marine  
  143  11:12  Marine  
  143  11:17  Marine  
  143  11:18  Marine  
  143  11:20  Marine  
  143  11:21  Marine x2  
  143  11:23  Liberator  
  146  11:25  Marine  
  146  11:26  Marine  
  146  11:27  Siege Tank  
  146  11:29  Marine  
  146  11:30  Marine  
  152  11:35  Marine  
  152  11:36  Marine  
  152  11:38  Marine  
  152  11:39  Marine x2  
  157  11:43  Marine x2  
  157  11:46  Marine  
  157  11:47  Marine  
  157  11:53  Supply Depot x2, Marine  
  157  11:54  Marine  
  160  11:56  Marine x3  
  160  11:59  Siege Tank  
  162  12:01  Marine x2  
  162  12:04  Liberator, Marine  
  162  12:05  Marine  
  169  12:11  Marine x2  
  169  12:14  Marine x3  
  158  12:19  Marine x2  
  158  12:22  Marine  
  122  12:23  Marine  
  122  12:29  Marine x2  
  125  12:32  Marine x3  
  125  12:37  Marine x2  
Show
View Real Time Build Order
Export as new Build Order

Scarlett Zerg - Winner!

Build Orders: Pool First 

Get SALT Encoding   

  12  0:00  Drone  
  13  0:12  Overlord  
  13  0:17  Drone  
  14  0:30  Drone x2  
  16  0:39  Spawning Pool  
  15  0:44  Drone  
  15  0:47  Drone  
  17  1:07  Hatchery  
  17  1:10  Extractor  
  15  1:13  Drone  
  15  1:15  Drone  
  17  1:26  Zergling x2  
  17  1:29  Queen  
  20  1:34  Drone  
  20  1:39  Drone  
  22  1:49  Overlord  
  22  2:08  Drone  
  22  2:10  Hatchery  
  22  2:12  Drone  
  23  2:20  Roach Warren  
  22  2:27  Drone x2  
  25  2:32  Metabolic Boost  
  25  2:34  Drone  
  25  2:35  Drone  
  27  2:38  Drone  
  27  2:39  Drone  
  27  2:43  Drone  
  30  2:44  Drone  
  30  2:51  Queen  
  33  2:54  Drone  
  33  2:58  Overlord  
  34  3:04  Drone x2  
  36  3:15  Overlord  
  36  3:16  Queen  
  36  3:19  Drone x2  
  40  3:22  Queen  
  40  3:26  Overlord  
  42  3:33  Overlord x2  
  42  3:38  Drone  
  42  3:39  Drone x2  
  45  3:43  Queen  
  45  3:48  Drone x2  
  49  3:50  Drone  
  49  3:51  Queen  
  49  3:55  Drone  
  53  3:58  Queen  
  53  4:00  Drone  
  56  4:03  Evolution Chamber  
  56  4:05  Zergling x4  
  56  4:12  Drone x4  
  60  4:17  Drone x2  
  60  4:19  Queen  
  60  4:22  Overlord  
  64  4:29  Drone x5  
  69  4:32  Zerg Ground Armor Level 1  
  69  4:34  Overlord  
  69  4:43  Drone  
  69  4:44  Drone x5  
  75  4:49  Queen  
  75  4:51  Queen, Extractor  
  78  4:55  Zergling x10  
  78  4:58  Overlord  
  83  5:02  Zergling x4, Extractor  
  83  5:03  Zergling x4  
  85  5:09  Queen, Evolution Chamber  
  85  5:12  Drone x3  
  89  5:15  Drone  
  89  5:16  Overlord  
  89  5:17  Overlord  
  90  5:25  Overlord x2  
  90  5:26  Queen  
  90  5:27  Queen  
  94  5:34  Drone  
  94  5:35  Zerg Melee Weapons Level 1  
  95  5:36  Zergling x12  
  95  5:40  Overlord  
  101  5:46  Hatchery  
  101  5:49  Lair  
  100  5:55  Drone  
  100  5:56  Baneling Nest  
  100  5:58  Hatchery  
  100  6:01  Zergling x2  
  100  6:02  Zergling x4  
  102  6:13  Zergling x20  
  111  6:24  Drone  
  110  6:25  Extractor  
  110  6:26  Drone x3  
  110  6:28  Queen  
  110  6:29  Drone  
  110  6:31  Zergling x2  
  116  6:37  Zergling x16  
  121  6:56  Drone x7  
  117  7:11  Zergling x6  
  117  7:14  Centrifugal Hooks  
  117  7:15  Queen, Zerg Ground Armor Level 2  
  116  7:16  Queen x3  
  116  7:20  Zergling x20  
  128  7:24  Queen  
  130  7:31  Zerg Melee Weapons Level 2  
  130  7:33  Zergling x12  
  136  7:43  Zergling x10, Hatchery  
  140  7:47  Baneling x15  
  140  7:57  Zergling x20  
  150  8:07  Overlord x7  
  146  8:16  Zergling x2  
  146  8:17  Zergling x22  
  147  8:20  Zergling x6  
  147  8:25  Zergling x2  
  147  8:26  Zergling x10  
  149  8:32  Infestation Pit  
  149  8:33  Drone x3  
  150  8:38  Baneling x14  
  150  8:39  Baneling x2  
  150  8:40  Drone  
  151  8:48  Zergling x2  
  151  8:49  Zergling x16  
  155  8:59  Zergling x16  
  133  9:04  Zergling x8  
  128  9:11  Zergling x22  
  128  9:13  Zergling x4  
  128  9:15  Zergling x4  
  104  9:31  Zergling x2  
  104  9:32  Zergling x8  
  104  9:44  Drone x3  
  104  9:49  Baneling x11  
  104  9:57  Drone x4  
  104  9:58  Drone x2  
  110  10:13  Drone x5  
  115  10:14  Baneling  
  115  10:15  Zergling x14, Baneling x5  
  122  10:22  Overlord x3  
  122  10:29  Drone  
  122  10:31  Drone x3  
  122  10:33  Drone x4  
  122  10:34  Drone  
  131  10:36  Overlord x3  
  131  10:42  Zergling x12  
  137  10:43  Zergling x2  
  137  10:49  Zergling x14  
  145  10:59  Zergling x18  
  152  11:05  Zergling x10  
  141  11:19  Zergling x20  
  141  11:20  Zergling x4  
  141  11:22  Hive  
  149  11:28  Zergling x2  
  149  11:29  Zergling x8  
  149  11:31  Zergling x2  
  155  11:37  Infestor x5, Burrow  
  165  11:43  Zergling x2  
  165  11:46  Zergling x8  
  162  11:49  Zergling x2  
  162  11:50  Baneling x4  
  162  11:51  Baneling x3  
  162  11:53  Zergling x18  
  172  12:00  Zergling x2  
  172  12:01  Zergling x8  
  172  12:06  Zergling x12  
  172  12:08  Zergling x2  
  175  12:11  Zergling x2  
  159  12:17  Zergling x12  
  159  12:21  Zergling x14  
  138  12:23  Zergling x14  
  138  12:29  Zergling x6  
  148  12:32  Zergling x6  
Tags
 
Add a new tag
Caveats
  • Supply blocks, unpowered buildings, or Contaminate may cause inaccurate times.
  • Supply counts are checked every 10 seconds.